Map: Kairos Junction LE

Players

xXxRodneyxXx

  • Race: Zerg Zerg
  • Spawn Location: 11:00

OPerative - Winner!

  • Race: Zerg Zerg
  • League: Platinum
  • Spawn Location: 5:00

VOD

Have the link to the VOD?

Description

People's bm makes wins so much better. And I wanted analysis to know strategy-wise what I did wrong in response to the early pressure. I'm aware my mechanics were sloppy and can see that in my own analysis

Time

  • Played on: June 13, 2019, 11:07 p.m.
  • Length: 11:20
Show
View Real Time Build Order
Export as new Build Order

xXxRodneyxXx Zerg 

Build Orders: Pool First 

Get SALT Encoding   

  12  0:01  Drone  
  13  0:08  Drone  
  14  0:26  Spawning Pool  
  13  0:29  Extractor  
  13  0:32  Drone  
  13  0:36  Drone  
  14  0:44  Overlord  
  14  1:13  Queen  
  14  1:14  Zergling x6  
  19  1:27  Drone  
  20  1:37  Overlord  
  20  1:41  Metabolic Boost  
  20  1:48  Zergling x2  
  21  1:57  Zergling x2  
  22  2:15  Zergling x2  
  21  2:30  Zergling x2  
  21  2:31  Zergling x6  
  25  2:42  Zergling x2  
  25  3:04  Hatchery  
  22  3:17  Zergling x2  
  22  3:18  Zergling x4  
  24  3:31  Zergling x6  
  27  3:48  Drone x2  
  29  4:17  Drone  
  29  4:21  Baneling Nest  
  29  4:23  Drone x5  
  33  4:24  Extractor, Queen  
  33  4:27  Overlord  
  34  4:32  Overlord  
  34  4:45  Queen  
  36  4:54  Drone x2  
  38  5:08  Zergling x2  
  38  5:09  Zergling x4  
  38  5:10  Zergling x2  
  42  5:17  Baneling x5  
  42  5:20  Baneling  
  42  5:40  Hatchery  
  30  5:54  Zergling x20  
  30  5:55  Zergling x6  
  42  5:59  Roach Warren  
  42  6:02  Baneling  
  42  6:03  Baneling  
  41  6:06  Baneling x2  
  29  6:44  Roach  
  29  6:45  Zergling x4, Roach x3  
  29  6:46  Zergling x4  
  27  7:09  Drone x2  
  29  7:28  Drone x3  
  32  7:31  Drone  
  33  7:52  Zergling x6  
  33  7:53  Zergling x2  
  33  7:54  Zergling x2  
  36  8:15  Roach  
  36  8:16  Drone x3  
  41  8:23  Drone  
  42  8:29  Extractor  
  39  8:54  Roach x2  
  42  8:55  Zergling x2  
  42  8:56  Zergling x10  
  49  9:10  Drone  
  49  9:11  Drone  
  49  9:34  Roach  
  49  9:36  Overlord  
  49  9:37  Zergling x4  
  53  9:40  Zergling x6  
  53  9:41  Zergling x2  
  36  10:08  Roach x2  
  28  10:26  Zergling x2  
  28  10:27  Zergling x16  
Show
View Real Time Build Order
Export as new Build Order

OPerative Zerg - Winner!

Build Orders: Hatch First 

Get SALT Encoding   

  12  0:01  Drone  
  13  0:12  Overlord  
  13  0:17  Drone  
  14  0:30  Drone x2  
  16  0:49  Hatchery  
  15  0:52  Drone  
  15  0:55  Drone  
  17  1:00  Drone  
  18  1:04  Extractor  
  17  1:16  Spawning Pool  
  16  1:20  Drone  
  16  1:21  Drone  
  18  1:28  Drone  
  19  1:40  Overlord  
  19  1:50  Drone  
  20  2:04  Zergling x4  
  20  2:06  Queen x2  
  23  2:32  Metabolic Boost  
  22  2:38  Zergling x2, Roach Warren  
  22  2:41  Zergling x2  
  23  3:03  Zergling x8  
  26  3:12  Zergling x4  
  24  3:30  Queen  
  26  3:35  Zergling x2  
  26  3:36  Zergling x12  
  33  3:53  Drone x3  
  36  4:19  Overlord  
  36  4:20  Overlord x4  
  36  4:28  Baneling Nest  
  35  4:51  Roach x5  
  45  4:56  Roach  
  46  5:20  Baneling  
  46  5:30  Roach x2  
  48  5:59  Zergling x2  
  48  6:00  Zergling x20  
  28  6:52  Zergling x2  
  28  6:53  Zergling x20  
  34  7:09  Evolution Chamber  
  34  7:10  Evolution Chamber  
  34  7:14  Drone  
  34  7:15  Drone x3  
  36  7:19  Spine Crawler  
  35  7:25  Lair  
  35  7:28  Extractor  
  34  7:40  Drone x3  
  34  7:41  Drone x2  
  34  7:44  Drone x3  
  41  8:11  Baneling x2  
  41  8:15  Roach x2  
  41  8:16  Roach x7  
  53  8:56  Roach x11  
  71  9:33  Roach x2  
  71  9:35  Zergling x2  
  71  9:38  Overlord x5  
  74  9:58  Roach x6  
  74  9:59  Zergling x4  
  74  10:05  Roach  
  74  10:06  Roach  
  72  10:10  Roach  
  70  10:27  Zergling x2  
  70  10:28  Zergling x8  
Tags
 
Add a new tag
Caveats
  • Supply blocks, unpowered buildings, or Contaminate may cause inaccurate times.
  • Supply counts are checked every 10 seconds.